 Dungeon Sprint DCSS version 0.29-a0-775-g4d7333d4e2 (webtiles) character file.

Game seed: 10464484876148155903

276 mhtbhm the Covert (level 6, -2/29 HPs)
             Began as a Spriggan Enchanter on July 1, 2022.
             Was an Initiate of Dithmenos.
             Slain by a red devil
             ... wielding a +3 trident of flaming
             ... summoned by a kobold demonologist
              (7 damage)
             ... in the Dungeon (Sprint III: "The Ten Rune Challenge").
             The game lasted 00:01:15 (596 turns).

mhtbhm the Covert (Spriggan Enchanter)               Turns: 596, Time: 00:01:15

Health: -2/29      AC:  4    Str:  4    XL:     6   Next: 4%
Magic:  13/16      EV: 20    Int: 16    God:    Dithmenos [......]
Gold:   38         SH:  0    Dex: 18    Spells: 7/18 levels left

rFire   . . .      SeeInvis +   a - +1 dagger
rCold   . . .      Faith    .   (no shield)
rNeg    . . .      Spirit   .   b - +2 robe {Will+}
rPois   .          Reflect  .   (helmet restricted)
rElec   .          Harm     .   (no cloak)
rCorr   .          Rampage  .   (gloves unavailable)
Will    ++...      NoTele   +   (boots unavailable)
Stlth   +++++.....              (no amulet)
HPRegen 0.09/turn               (no ring)
MPRegen 0.15/turn               (no ring)

@: spiked, very slightly contaminated, very quick
A: very small, no large weapons, unfitting armour, see invisible, speed 3
a: Renounce Religion


You were in the Dungeon.
You worshipped Dithmenos.
Dithmenos was noncommittal.
You visited 1 branch You collected 38 gold pieces.

Inventory:

Hand Weapons
 a - a +1 dagger (weapon)
Armour
 b - a +2 robe of willpower (worn)
Scrolls
 i - a scroll of blinking
 j - a scroll of immolation {unknown}
 k - a scroll of torment {unknown}
 n - a scroll of poison {unknown}
 o - 2 scrolls of identify
Potions
 c - 2 potions of invisibility
 d - a potion of curing
 e - a potion of heal wounds
 f - a potion of haste
 g - 2 potions of magic
 h - 2 potions of mutation {unknown}
 l - a potion of attraction {unknown}
 m - a potion of might {unknown}
 p - 2 potions of lignification {unknown}
 q - 2 potions of flight


   Skills:
 + Level 0.3 Fighting
 + Level 3.1 Short Blades
 + Level 5.4 Dodging
 + Level 12.1 Stealth
 + Level 6.7 Spellcasting
 + Level 9.2 Hexes
 + Level 1.5 Ice Magic


You had 7 spell levels left.
You knew the following spells:

 Your Spells              Type           Power      Damage    Failure   Level
a - Ensorcelled Hibernat  Hex/Ice        44%        N/A       1%          2
b - Confusing Touch       Hex            34%        N/A       1%          3
c - Tukima's Dance        Hex            34%        N/A       1%          3
d - Dazzling Flash        Conj/Hex       40%        N/A       6%          3

Your spell library contained the following spells:

 Spells                   Type           Power      Damage    Failure   Level


Dungeon Overview and Level Annotations

Branches:
Dungeon (1/1)

Altars:
Dithmenos
Kikubaaqudgha
Ru
Sif Muna
Vehumet
Yredelemnul


Innate Abilities, Weirdness & Mutations

You are very small and have problems with some larger weapons.
You are too small for most types of armour.
You have supernaturally acute eyesight. (SInv)
You cover ground extremely quickly. (Speed+++)


Message History

a +0 dagger; a +0 robe You see here a necrophage corpse.
You start resting.
Magic restored.
You start resting.
HP restored.
There is a fountain of clear blue water here.
You open the door.
Found a radiant altar of Vehumet.
A wizard and a kobold demonologist come into view.
Found a book of Debilitation and a book of Frost.
Found two altars.
There is an open door here.
The helpless wizard fails to defend itself.
You spit the wizard like a pig!!!
You kill the wizard!
Dithmenos accepts your kill.
Your Short Blades skill increases to level 3!
Your Stealth skill increases to level 12!
You have reached level 6!
The kobold demonologist shouts!
Items here: ) : [ †.
You hit the kobold demonologist.
The kobold demonologist is moderately wounded.
The kobold demonologist casts a spell.
Casting: Confusing Touch (safe; 1% risk of failure)
Confirm with . or Enter, or press ? or * to list all spells.
The spell is quite dangerous to miscast (6% risk of failure)!
Continue anyway?
Casting: Dazzling Flash (quite dangerous; 6% risk of failure)
Press: ? - help, Dir - look around, f - activate You miscast Dazzling Flash.
You are very lightly contaminated with residual magic.
Nothing appears to happen.
The kobold demonologist barely misses you.
The red devil hits you with a +3 trident of flaming!!
Ouch! That really hurt!
* * * LOW HITPOINT WARNING * * *
Barbed spikes become lodged in your body.
The red devil burns you!
You die...

###......♣ ♣.# #._#
..#....≈.♣♣♣♣.###+#+###)##
..#.†.≈≈♣.....#..........#
.[#..≈≈≈≈♣....'.⌠......†.#
#†#..≈≈≈≈≈≈...#...######+#
).#.≈≈≈≈≈≈....#.⌠.#
..#.≈≈≈≈≈.....#...#
..#.≈≈≈.......#'###
###.......†...#.@K#
..............#__4#
▓▓▓▓▓▓▓▓▓▓▓▓▓▓▓▓▓▓▓


You could see a kobold demonologist and a red devil (summoned).

Vanquished Creatures
  A necrophage (D)
  A scorpion (D)
  A water elemental (D)
  A wizard (D)
  Jessica (D)
  A necromancer (D)
  A human (D)
  2 endoplasms (D)
  A rat (D)
10 creatures vanquished.

Notes
Turn   | Place    | Note
-------+----------+-------------------------------------------
     0 | D        | mhtbhm the Spriggan Enchanter began the quest for the Orb.
     0 | D        | Reached XP level 1. HP: 9/9 MP: 5/5
     7 | D        | Reached skill level 5 in Stealth
    39 | D        | Noticed Jessica
    52 | D        | Killed Jessica
    53 | D        | Reached skill level 7 in Stealth
    53 | D        | Reached skill level 5 in Hexes
    53 | D        | Reached XP level 2. HP: 13/13 MP: 5/7
    53 | D        | Reached XP level 3. HP: 16/16 MP: 6/9
   200 | D        | Learned a level 2 spell: Ensorcelled Hibernation
   204 | D        | Learned a level 3 spell: Confusing Touch
   208 | D        | Learned a level 3 spell: Tukima's Dance
   328 | D        | Noticed a scorpion
   335 | D        | Killed a scorpion
   336 | D        | Reached skill level 9 in Stealth
   336 | D        | Reached skill level 5 in Spellcasting
   336 | D        | Reached XP level 4. HP: 21/21 MP: 3/12
   357 | D        | Learned a level 3 spell: Dazzling Flash
   427 | D        | Noticed a water elemental
   429 | D        | Killed a water elemental
   430 | D        | Reached skill level 10 in Stealth
   430 | D        | Reached skill level 1 in Ice Magic
   430 | D        | Reached XP level 5. HP: 24/24 MP: 14/14
   441 | D        | Found a shadowy altar of Dithmenos.
   447 | D        | Reached skill level 11 in Stealth
   465 | D        | Reached skill level 5 in Dodging
   465 | D        | Found a basalt altar of Yredelemnul.
   465 | D        | Found a sacrificial altar of Ru.
   472 | D        | Became a worshipper of Dithmenos the Shadowed
   591 | D        | Found a radiant altar of Vehumet.
   592 | D        | Found a shimmering blue altar of Sif Muna.
   592 | D        | Found an ancient bone altar of Kikubaaqudgha.
   594 | D        | Reached skill level 12 in Stealth
   594 | D        | Reached XP level 6. HP: 29/29 MP: 16/16
   596 | D        | Noticed a red devil
   596 | D        | Slain by a red devil

Illustrated notes

Levels and vault maps discovered:
D:        dungeon_sprint_mu [sprint_mu_entry_forest, sprint_mu_temple_rooms,
          sprint_mu_d1_spiders, sprint_mu_d2_genie, sprint_mu_d3_branching,
          sprint_mu_orc_legion, sprint_mu_elf_gauntlet, sprint_mu_hive_nellie,
          sprint_mu_lair_fedhas, sprint_mu_vaults_butterflies,
          sprint_mu_slime_circle, sprint_mu_swamp_cave, sprint_mu_shoals_archi,
          sprint_mu_blade_basic, sprint_mu_crypt_lich, sprint_mu_tomb_spiral,
          sprint_mu_vestibule_basic, sprint_mu_gehenna_hellfire,
          sprint_mu_dis_giant, sprint_mu_tartarus_statrot,
          sprint_mu_cocytus_islands, sprint_mu_zot1]

Skill      XL: |  1  2  3  4  5 |
---------------+----------------+-----
Hexes          | 5 7 8 9 |  9.2
Stealth        | 7 9 10 12 | 12.1
Spellcasting   | 3 5 6 |  6.7
Dodging        | 3 4 5 |  5.4
Ice Magic      | 1 |  1.5
Short Blades   | 3 |  3.1
Fighting       | |  0.3

Action                   |  1- 3 |  4- 6 || total
-------------------------+-------+-------++-------
Melee: Dagger            |    17 |    24 ||    41
 Cast: Ensorcelled Hiber |     3 |       ||     3
       Confusing Touch   |     1 |     1 ||     2
       Dazzling Flash    |       |     1 ||     1
  Use: Potion            |     1 |       ||     1
 Stab: Sleeping          |     3 |     2 ||     5
       Confused          |     1 |     1 ||     2
       Invisible         |       |     1 ||     1
Armor: Robe              |     1 |       ||     1
Dodge: Dodged            |     4 |    14 ||    18

Table legend: (Time is in decaauts)
 A = Elapsed time spent in this place.
 B = Non-inter-level travel time spent in this place.
 C = Inter-level travel time spent in this place.
 D = Time resting spent in this place.
 E = Time spent auto-exploring this place.
 F = Levels seen in this place.
 G = Mean time per level.
                   A        B        C        D        E       F      G
               +--------+--------+--------+--------+--------+-----+--------+
         Total |    551 |    551 |      0 |    383 |      0 |   1 |  551.0 |
       Dungeon |    551 |    551 |      0 |    383 |      0 |   1 |  551.0 |
               +--------+--------+--------+--------+--------+-----+--------+

Top non-repeatable levels by time:
       D: 551 daAuts
